 Dungeon Crawl Stone Soup version 0.20.1-1-g8b1a95d (webtiles) character file.

236 Wander the Slasher (level 5, 27/41 HPs)
             Began as a Demigod Wanderer on Nov 2, 2017.
             Starved to death
             ... while paralysed
             ... on level 2 of the Dungeon.
             The game lasted 00:07:56 (3549 turns).

Wander the Slasher (Demigod Wanderer)               Turns: 3549, Time: 00:07:57

Health: 27/41      AC:  5    Str: 14    XL:     5   Next: 47%
Magic:  10/10      EV:  2    Int: 18    God:
Gold:   54         SH:  0    Dex: 16    Spells: 7/7 levels left

rFire    . . .     SeeInvis .   j - -2 scythe (curse)
rCold    . . .     Gourm    .   (shield currently unavailable)
rNeg     . . .     Faith    .   e - +0 robe
rPois    .         Spirit   .   (no helmet)
rElec    .         Reflect  .   (no cloak)
rCorr    .         Harm     .   (no gloves)
MR       .....                  h - +2 pair of boots
Stlth    ++........             (no amulet)
Regen    0.2/turn               (no ring)
MPRegen  0.2/turn               (no ring)

@: paralysed, fainting
A: high mp 1
a: no special abilities


You were on level 2 of the Dungeon.
You were fainting.

You visited 1 branch of the dungeon, and saw 3 of its levels.

You collected 54 gold pieces.

Inventory:

Hand Weapons
 a - a +3 falchion
 d - a +0 blowgun
 f - a +0 dagger
 j - a cursed -2 scythe (weapon)
Missiles
 c - 14 poisoned needles
 p - 8 needles of sleeping
Armour
 e - a +0 robe (worn)
 h - a +2 pair of boots (worn)
Scrolls
 b - 3 scrolls of teleportation
 r - a scroll of fear
 s - a scroll of identify
Potions
 k - 4 potions of curing
 n - a potion of flight


   Skills:
 - Level 1.7 Fighting
 + Level 5.3 Long Blades
 + Level 0.1 Polearms
 - Level 1.0 Throwing
 - Level 1.0 Dodging
 - Level 1.7 Stealth
 - Level 1.7 Spellcasting
   Level 1.0 Transmutations


You had 7 spell levels left.
You didn't know any spells.

Dungeon Overview and Level Annotations

Branches:
Dungeon (3/15)


Innate Abilities, Weirdness & Mutations

You have an increased reservoir of magic. (+10% MP)


Message History

You are too injured to fight recklessly!
Unknown command.
You hit the goblin but do no damage. The goblin misses you.
You hit the goblin.
You kill the goblin!
Unknown command.
You see here a stone.
You see here a stone.
There is an open door here.
You lose consciousness!
You can move again.
There is an open door here.
There is an open door here.
There is an open door here.
You lose consciousness!
You can move again.
There is an open door here.
You lose consciousness!
You have starved to death.
You die...

##..##..## ##.......## ##.#.# #.
*##......###........)####....###.
##.........'.......((((..........
..........##.........####).(.####
##.###.#..###.......## ##.#.# #.#
#....# ##.....## ####.#
#.###.##.## ##...## ##....##
#.........# ##'## #......#
#.###.###.#####@# #......# #.#
#.# #.#...#.# #......# #.#
#.###.#...#.##### ##...### #.#
#............##.## ##.## #.#
####..รท..........## #.# #.#
#..............###.#
#.######..................#
#.........#...###.....#####
###########...# ##...##


There were no monsters in sight!

Vanquished Creatures
  Sigmund (D:2)
  An adder (D:2)
  2 oozes
  2 worms (D:2)
  2 dart slugs
  A leopard gecko (D:1)
  3 bats
  3 giant cockroaches
  8 goblins
  10 hobgoblins
  2 jackals (D:2)
  2 kobolds (D:1)
  2 quokkas (D:2)
  5 frilled lizards
  5 rats
49 creatures vanquished.

Notes
Turn   | Place    | Note
-------+----------+-------------------------------------------
     0 | D:1      | Wander the Demigod Wanderer began the quest for the Orb.
     0 | D:1      | Wander set off with: a +2 falchion, a scroll of teleportation, 14 poisoned needles, a +0 blowgun, a +0 robe, a +0 dagger, a bread ration
     0 | D:1      | Reached XP level 1. HP: 17/17 MP: 5/5
    90 | D:1      | Reached skill level 2 in Long Blades
   314 | D:1      | Reached XP level 2. HP: 18/24 MP: 7/7
   757 | D:2      | Reached XP level 3. HP: 29/29 MP: 8/8
   825 | D:2      | Reached skill level 3 in Long Blades
  1040 | D:2      | Found a faded altar of an unknown god.
  1199 | D:2      | Noticed Sigmund
  1611 | D:2      | Killed Sigmund
  1611 | D:2      | Reached skill level 5 in Long Blades
  1611 | D:2      | Reached XP level 4. HP: 17/36 MP: 9/9
  1611 | D:2      | Reached XP level 5. HP: 19/41 MP: 10/10
  1721 | D:2      | HP: 2/41 [jackal (2)]
  1988 | D:2      | Paralysed by fainting for 5 turns
  2017 | D:2      | Paralysed by fainting for 6 turns
  2036 | D:2      | Paralysed by fainting for 12 turns
  2050 | D:2      | Paralysed by fainting for 5 turns
  2067 | D:2      | Paralysed by fainting for 12 turns
  2098 | D:2      | Paralysed by fainting for 11 turns
  3439 | D:2      | Paralysed by fainting for 8 turns
  3449 | D:2      | Paralysed by fainting for 10 turns
  3485 | D:2      | Paralysed by fainting for 6 turns
  3532 | D:2      | Paralysed by fainting for 12 turns
  3548 | D:2      | Paralysed by fainting for 7 turns
  3549 | D:2      | Starved to death

Skill      XL: |  1  2  3 |
---------------+----------+-----
Long Blades    | 2 5 |  5.3
Fighting       | |  1.7
Polearms       | |  0.1
Throwing       | |  1.0
Dodging        | |  1.0
Stealth        | |  1.7
Spellcasting   | |  1.7
Transmutations | |  1.0

Action                   |  1- 3 |  4- 6 || total
-------------------------+-------+-------++-------
Melee: Falchion          |    97 |       ||    97
       Scythe            |       |    41 ||    41
  Use: Potion            |     9 |       ||     9
       Scroll            |       |     5 ||     5
 Stab: Sleeping          |     7 |     1 ||     8
  Eat: Chunk             |     1 |       ||     1
       Bread ration      |       |     1 ||     1
Armor: Robe              |    16 |    27 ||    43
Dodge: Dodged            |    67 |    72 ||   139
       Rpst.: Falchion   |    18 |       ||    18
